 Dungeon Crawl Stone Soup version 0.29-a0-330-g52719c12eb (webtiles) character file.

Game seed: 7358481913675539077

120381 gruber the Earth Mage (level 16, -31/101 HPs)
             Began as a Gargoyle Earth Elementalist on May 2, 2022.
             Was a High Priest of Vehumet.
             Annihilated by Donald
             ... wielding a +1 scimitar of flaming
              (35 damage)
             ... on level 2 of the Shoals on May 8, 2022.
             The game lasted 00:56:30 (31159 turns).

gruber the Earth Mage (GrEE)                       Turns: 31159, Time: 00:56:30

Health: -31/101    AC: 25    Str: 14    XL:     16   Next: 82%
Magic:  6/32       EV: 12    Int: 28    God:    Vehumet [*****.]
Gold:   2020       SH:  6    Dex: 10    Spells: 11/39 levels left

rFire   + . .      SeeInvis .   w - +7 flail "Bairchung" {elec, rF+}
rCold   . . .      Faith    .   j - +0 buckler
rNeg    + + .      Spirit   .   U - +0 troll leather armour
rPois   ∞          Reflect  .   h - +2 hat
rElec   +          Harm     .   d - +0 cloak
rCorr   .          Rampage  .   O - +0 pair of gloves
Will    +....                   (no boots)
Stlth   ++........              S - amulet of the acrobat
HPRegen 1.06/turn               l - ring of Zohuts {Wiz rN+ Str+2 Int+4}
MPRegen 0.23/turn               I - +4 ring of protection

@: flying
A: sickness immunity, AC +12, big wings, negative energy resistance 1,
electricity resistance, torment resistance 1, petrification resistance
a: Renounce Religion


You were on level 2 of the Shoals.
You worshipped Vehumet.
Vehumet was extremely pleased with you.
You visited 5 branches of the dungeon, and saw 26 of its levels.
You also visited: Bailey and Volcano.

You collected 2665 gold pieces.
You spent 645 gold pieces at shops.

Inventory:

Hand Weapons
 w - the +7 flail "Bairchung" (weapon) {elec, rF+}
   (You took it off a kobold on level 3 of the Dungeon)

   It occasionally discharges a powerful burst of electricity upon striking a
   foe.
   rF:        It protects you from fire.
Missiles
 a - 324 stones
 J - 9 curare-tipped darts
 K - 7 datura-tipped darts
 X - 2 throwing nets
Armour
 d - a +0 cloak (worn)
 h - a +2 hat (worn)
 j - a +0 buckler (worn)
 O - a +0 pair of gloves (worn)
 U - a +0 troll leather armour (worn)
Jewellery
 l - the ring of Zohuts (left hand) {Wiz rN+ Str+2 Int+4}
   (You bought it in a shop on level 2 of the Orcish Mines)

   [ring of wizardry]

   It improves your spell success rate.
   Str:       It affects your strength (+2).
   Int:       It affects your intelligence (+4).
   rN:        It protects you from negative energy.
 I - a +4 ring of protection (right hand)
 S - an amulet of the acrobat (around neck)
 Z - a ring of protection from cold
Wands
 i - a wand of flame (60)
 t - a wand of polymorph (4)
 E - a wand of iceblast (2)
 M - a wand of acid (5)
 P - a wand of mindburst (4)
 R - a wand of paralysis (8)
 W - a wand of digging (4)
Scrolls
 b - 12 scrolls of identify
 e - 16 scrolls of teleportation {unknown}
 k - 3 scrolls of blinking {unknown}
 o - 5 scrolls of fog
 q - a scroll of torment {unknown}
 s - 3 scrolls of noise {unknown}
 u - 6 scrolls of enchant armour {unknown}
 v - 7 scrolls of enchant weapon {unknown}
 x - 3 scrolls of fear {unknown}
 y - 2 scrolls of silence {unknown}
 A - 5 scrolls of vulnerability {unknown}
 F - a scroll of brand weapon {unknown}
 G - 4 scrolls of amnesia {unknown}
 H - 2 scrolls of immolation
 L - 2 scrolls of magic mapping {unknown}
 Q - 2 scrolls of holy word {unknown}
Potions
 c - 4 potions of magic
 f - 15 potions of curing
 g - 4 potions of attraction
 m - 4 potions of heal wounds
 n - 3 potions of berserk rage
 p - 5 potions of resistance
 r - 6 potions of lignification
 z - 5 potions of brilliance {unknown}
 B - 7 potions of flight {unknown}
 C - 6 potions of ambrosia
 D - a potion of haste
 T - 8 potions of might
 V - 2 potions of invisibility {unknown}
 Y - 5 potions of cancellation {unknown}
Miscellaneous
 N - a condenser vane


   Skills:
 - Level 12.0 Fighting
 - Level 8.0 Maces & Flails
 - Level 6.0 Armour
 - Level 5.0 Dodging
 - Level 2.1 Stealth
 - Level 10.1 Shields
 - Level 12.4 Spellcasting
 - Level 15.0 Conjurations
 - Level 0.7 Transmutations
 * Level 15.6 Earth Magic
 - Level 7.7 Poison Magic


You had 11 spell levels left.
You knew the following spells:

 Your Spells              Type           Power      Damage    Failure   Level
a - Sandblast             Erth           100%       2d20      0%          1
b - Stone Arrow           Conj/Erth      100%       3d13      1%          3
c - Petrify               Tmut/Erth      58%        N/A       1%          4
d - Blink                 Tloc           34%        N/A       2%          2
e - Olgreb's Toxic Radia  Pois           57%        N/A       1%          4
f - Ignite Poison         Fire/Tmut/Pois 33%        N/A       1%          3
g - Lee's Rapid Deconstr  Erth           40%        3d21*     1%          5
h - Iron Shot             Conj/Erth      40%        9d8       1%          6

Your spell library contained the following spells:

 Spells                   Type           Power      Damage    Failure   Level
 Freezing Cloud           Conj/Ice/Air   22%        6-21      1%          5
 Magic Dart               Conj           100%       1d8       0%          1
 Searing Ray              Conj           100%       2d8       0%          2
 Animate Skeleton         Necr           34%        N/A       1%          1
 Apportation              Tloc           34%        N/A       1%          1
 Beastly Appendage        Tmut           42%        N/A       1%          1
 Pain                     Necr           68%        1d7       1%          1
 Sting                    Tmut/Pois      100%       1d8       1%          1
 Summon Small Mammal      Summ           68%        N/A       1%          1
 Passwall                 Tmut/Erth      48%        N/A       1%          2
 Poisonous Vapours        Pois/Air       78%        N/A       1%          2
 Conjure Flame            Conj/Fire      56%        6-21      1%          3
 Spider Form              Tmut/Pois      41%        N/A       1%          3
 Fulminant Prism          Conj/Hex       28%        3d14      1%          4
 Leda's Liquefaction      Hex/Erth       28%        N/A       1%          4
 Sticky Flame             Conj/Fire      56%        2d7       1%          4
 Wereblood                Tmut           21%        N/A       2%          2
 Call Canine Familiar     Summ           17%        N/A       6%          3
 Gell's Gravitas          Tloc           17%        N/A       6%          3
 Portal Projectile        Hex/Tloc       34%        N/A       6%          3
 Teleport Other           Tloc           17%        N/A       6%          3
 Vampiric Draining        Necr           17%        2d7       6%          3
 Agony                    Necr           17%        N/A       43%         5
 Excruciating Wounds      Necr           8%         N/A       43%         5
 Manifold Assault         Tloc           17%        N/A       43%         5
 Dispersal                Tloc           8%         N/A       93%         6
 Storm Form               Tmut/Air       9%         N/A       100%        7


Dungeon Overview and Level Annotations

Branches:
Dungeon (15/15)            Temple (1/1) D:6            Lair (6/6) D:11
 Shoals (2/4) Lair:2        Snake (0/4) Lair:2        Slime (0/5) Lair:5
    Orc (2/2) D:9             Elf (0/3) Orc:2        Vaults (0/5) D:14
 Depths (0/4) D:15         Bailey (visited)         Volcano (visited)

Altars:
Ashenzari
Cheibriados
Dithmenos
Elyvilon
Fedhas
Hepliaklqana
Kikubaaqudgha
Makhleb
Nemelex Xobeh
Okawaru
Qazlal
Ru
Sif Muna
Trog
Uskayaw
Vehumet
Wu Jian
Xom
Yredelemnul
Zin
The Shining One
Jiyva

Shops:
D:4 *   Orc:1 *   Orc:2 !*=!

Annotations:
D:1 1 runed translucent door
D:10 Gastronok
D:14 1 runed translucent door, Tribosh's ghost, journeyman BaHu
Lair:1 2 transporters, Roaleyf's ghost, journeyman DsDe
Lair:5 1 runed translucent door
Shoals:2 Donald


Innate Abilities, Weirdness & Mutations

You are immune to sickness and miasma.
Your stone body is resilient. (AC +12)
You are immune to poison.
Your large and strong wings let you fly.
You resist negative energy. (rN+)
You are resistant to electric shocks. (rElec)
You are resistant to unholy torment.
You are immune to petrification.


Message History

Donald gestures wildly while chanting.
Donald seems to speed up.
Unknown command.
Unknown command.
Unknown command.
The water elemental attacks as you move away!
The water elemental barely misses you.
Donald says, "Let it end in hellfire?
When do you get a hellfire spell?"
Donald mumbles some strange words.
Donald seems to grow stronger.
Donald says, "I think I'm starting to get a cough.
I hate that."
Donald says, "What's the point of conjuring, anyway?"
Donald says, "Those krakens don't even look real."
Donald says, "This tentacle just came out of nowhere and touched me.
I hate tentacles!"
Casting: Ignite Poison (safe; 1% risk of failure)
Confirm with . or Enter, or press ? or * to list all spells.
Okay, then.
Unknown command.
Unknown command.
Casting: Ignite Poison (safe; 1% risk of failure)
Confirm with . or Enter, or press ? or * to list all spells.
Aiming: Iron Shot (mildly dangerous; 1% risk of failure)
Press: ? - help, Shift-Dir - straight line, f/p - water elemental
Aim: a water elemental (moderately damaged, 85% to hit)
The iron shot hits Donald!!
Donald is heavily wounded.
Donald hits you with a +1 scimitar of flaming!! x2
Donald burns you.
Unknown command.
Unknown command.
Casting: Iron Shot (mildly dangerous; 1% risk of failure)
Confirm with . or Enter, or press ? or * to list all spells.
Aiming: Iron Shot (mildly dangerous; 1% risk of failure)
Press: ? - help, Shift-Dir - straight line, f/p - water elemental
Aim: a water elemental (moderately damaged, 85% to hit)
Donald reflects the iron shot off his +0 kite shield of reflection!
The iron shot hits you!!!
* * * LOW HITPOINT WARNING * * *
Donald hits you with a +1 scimitar of flaming!!
You die...

≈≈≈≈≈≈≈≈≈≈≈≈≈≈≈≈≈≈
≈≈≈≈≈≈≈≈≈≈≈≈≈≈≈≈≈≈≈≈≈≈≈≈≈
≈≈≈≈≈≈≈≈≈≈≈≈≈≈≈≈≈≈≈≈≈≈≈≈≈≈≈≈≈
≈≈≈≈≈≈≈≈≈≈≈≈≈≈≈≈≈≈≈≈≈≈≈≈≈≈≈≈≈
≈≈≈≈≈≈≈≈≈≈≈≈≈≈≈≈≈≈≈≈≈≈≈≈≈≈≈≈≈
≈≈≈≈≈≈≈≈≈≈≈≈≈≈≈≈≈≈≈≈≈≈≈≈≈≈≈≈≈
≈≈≈≈≈≈≈≈≈≈≈≈≈≈≈≈≈≈≈≈≈≈≈≈≈≈≈≈≈
≈≈≈≈≈≈≈≈≈≈≈≈÷†≈≈≈≈≈≈≈≈≈≈≈≈≈≈≈
≈≈≈≈≈≈≈≈≈≈≈≈÷≈≈.@@E≈≈≈≈≈≈≈≈≈≈
≈≈≈≈≈≈)≈≈≈≈.....###..≈≈≈≈≈≈≈≈
≈≈≈≈≈≈...≈..##### ###.≈≈≈≈≈≈≈
≈≈≈.......### #E.≈≈≈≈≈≈≈
≈≈≈...<..## ###..≈≈.≈≈≈.
≈≈≈..≈.### #........≈..
≈≈.....# ##...###..≈.#
≈≈≈...## #....# ..≈.. ≈≈≈...
##..### ..≈..


You could see Donald (fast, strong) and a water elemental.

Vanquished Creatures
  Kirke (Lair:6)
  Frances (Shoals:1)
  Nessos (Lair:6)
  A dire elephant (Lair:3)
  Snorg (D:13)
  A fire dragon (Volcano)
  3 merfolk impalers
  Josephine (Shoals:1)
  3 vault guards (D:14)
  3 catoblepae (Lair:6)
  3 boulder beetles
  2 centaur warriors
  5 hydras
  2 two-headed ogres
  15 death yaks
  A tengu warrior (D:13)
  Urug (Orc:1)
  3 orc high priests (Orc:2)
  4 sun demons (Volcano)
  A golden dragon zombie (D:15)
  5 skeletal warriors (D:15)
  A flayed ghost (D:15)
  5 sea snakes (Shoals:1)
  A shadow dragon zombie (D:15)
  2 wizards (D:14)
  Pikel (D:6)
  3 necromancers
  2 deep elf pyromancers
  8 harpies (Shoals:1)
  5 orc knights
  9 ugly things
  4 cyclopes
  An iron dragon skeleton (D:15)
  3 merfolk sirens
  4 orc sorcerers (Orc:2)
  9 manticores
  4 fauns (Shoals:1)
  24 elephants
  4 black mambas
  4 gargoyles
  Maurice (D:13)
  2 smoke demons (Volcano)
  2 water nymphs (Shoals:1)
  5 cane toads
  An unseen horror (D:13)
  Psyche (D:8)
  3 rime drakes
  Maggie (Lair:2)
  4 komodo dragons
  A queen bee (Lair:3)
  A tengu conjurer (D:13)
  6 merfolk
  3 trolls
  3 meliai (D:13)
  A meliai (shapeshifter) (D:15)
  3 polar bears
  13 blink frogs
  2 hornets
  A wind drake (Shoals:2)
  A snapping turtle (Shoals:1)
  11 slime creatures
  15 dream sheep
  A blink frog (shapeshifter) (D:12)
  Sigmund (D:5)
  3 shadows
  A spriggan (Lair:3)
  6 wyverns
  3 water elementals
  9 wraiths
  66 yaks
  19 humans (D:14)
  2 vampires
  4 hogs (Lair:6)
  4 basilisks
  4 vampire mosquitoes (D:15)
  4 steam dragons
  4 wargs
  3 acid dragons
  2 nagas (Lair:2)
  A human skeleton (D:15)
  Duvessa (D:5)
  9 water moccasins
  2 hell hounds (Volcano)
  A swamp drake (D:9)
  An ice beast (shapeshifter) (D:14)
  25 orc warriors
  3 sky beasts
  3 ice beasts
  A tengu (shapeshifter) (D:15)
  10 centaurs
  18 wolves
  4 phantoms
  8 kobold brigands
  13 bullfrogs
  3 scorpions
  8 wights
  Dowan (D:5)
  28 killer bees
  8 electric eels
  6 howler monkeys
  Crazy Yiuf (D:4)
  A gnoll shaman (D:5)
  19 orc priests
  2 hounds
  A jelly (D:6)
  Natasha (thrice) (D:2)
  Terence (D:2)
  7 iguanas
  30 orc wizards
  6 adders
  2 worms
  4 dart slugs
  85 orcs
  3 bats
  4 endoplasms
  3 giant cockroaches
  9 goblins
  2 hobgoblins
  3 jackals (D:2)
  5 quokkas
  9 ball pythons
  8 frilled lizards
  29 kobolds
  A rat (D:1)
761 creatures vanquished.

Vanquished Creatures (collateral kills)
  An orc knight (Bailey)
  2 kobold brigands (Bailey)
3 creatures vanquished.

Vanquished Creatures (others)
  38 fungi
  70 plants
  3 withered plants (D:15)
111 creatures vanquished.

Grand Total: 875 creatures vanquished

Notes
Turn   | Place    | Note
-------+----------+-------------------------------------------
     0 | D:1      | gruber the Gargoyle Earth Elementalist began the quest for
                  | the Orb.
     0 | D:1      | Reached XP level 1. HP: 10/10 MP: 3/3
     0 | D:1      | Noticed a jelly
     1 | D:1      | Found a runed translucent door.
   492 | D:1      | Reached XP level 2. HP: 15/15 MP: 5/5
   631 | D:1      | Found a faded altar of an unknown god.
  1199 | D:2      | Reached XP level 3. HP: 18/19 MP: 2/6
  1265 | D:2      | Noticed Natasha
  1273 | D:2      | Killed Natasha
  1360 | D:2      | Reached skill level 5 in Earth Magic
  1375 | D:2      | Reached XP level 4. HP: 24/24 MP: 4/8
  1491 | D:2      | Learned a level 3 spell: Stone Arrow
  1546 | D:2      | Noticed Natasha
  1559 | D:2      | Killed Natasha
  1593 | D:2      | Noticed Natasha
  1613 | D:2      | Killed Natasha
  1614 | D:2      | Reached XP level 5. HP: 20/28 MP: 3/10
  1781 | D:2      | Noticed Terence
  1792 | D:2      | Killed Terence
  3314 | D:3      | Found an iron altar of Okawaru.
  3317 | D:3      | Found a basalt altar of Yredelemnul.
  3723 | D:3      | Found a sacrificial altar of Ru.
  3723 | D:3      | Found a stormy altar of Qazlal.
  3723 | D:3      | Found a shimmering blue altar of Sif Muna.
  3723 | D:3      | Found a blossoming altar of Fedhas.
  3727 | D:3      | Reached XP level 6. HP: 32/32 MP: 9/12
  3727 | D:3      | Identified the +7 flail "Bairchung" {elec, rF+}
  3783 | D:3      | Found a burning altar of Makhleb.
  3785 | D:3      | Found a glowing golden altar of the Shining One.
  3978 | D:3      | Reached skill level 1 in Conjurations
  4077 | D:4      | Found Mantiwa's Neck Hole.
  4198 | D:4      | Reached skill level 1 in Shields
  4255 | D:4      | Reached XP level 7. HP: 21/36 MP: 2/13
  4580 | D:4      | You fall into a shaft and drop 2 floors!
  4583 | D:6      | Found a staircase to the Ecumenical Temple.
  4610 | Temple   | Entered the Ecumenical Temple
  4641 | Temple   | Became a worshipper of Vehumet
  4764 | D:6      | Reached skill level 1 in Maces & Flails
  5163 | D:6      | Noticed a wyvern
  5190 | D:5      | Entered Level 5 of the Dungeon
  5190 | D:5      | Noticed Pikel
  5218 | D:6      | Killed Pikel
  5219 | D:6      | Reached XP level 8. HP: 31/41 MP: 0/14
  5348 | D:6      | Killed a wyvern
  5547 | D:6      | Found a shadowy altar of Dithmenos.
  5810 | D:5      | Reached XP level 9. HP: 45/45 MP: 15/15
  5825 | D:5      | Reached skill level 1 in Fighting
  5844 | D:5      | Found a snail-covered altar of Cheibriados.
  5905 | D:5      | Noticed Dowan
  6168 | D:4      | Found a runed translucent door.
  6169 | D:4      | Noticed Crazy Yiuf
  6256 | D:4      | Killed Crazy Yiuf
  6308 | D:5      | Noticed Duvessa
  6316 | D:5      | Killed Duvessa
  6317 | D:5      | Killed Dowan
  6500 | D:5      | Reached skill level 5 in Fighting
  6527 | D:5      | Reached * piety under Vehumet
  6527 | D:5      | Offered knowledge of Shock by Vehumet.
  6799 | D:5      | Noticed Sigmund
  6957 | D:5      | Killed Sigmund
  7386 | D:7      | Reached XP level 10. HP: 38/60 MP: 7/16
  7653 | D:7      | Found a flagged portal.
  7668 | Bailey   | Entered a bailey
  7696 | Bailey   | Reached skill level 10 in Earth Magic
  7790 | Bailey   | Learned a level 4 spell: Petrify
  7852 | Bailey   | Noticed an orc knight
  7860 | Bailey   | Killed an orc knight
  7861 | Bailey   | Reached ** piety under Vehumet
  7924 | Bailey   | Found a bloodstained altar of Trog.
  8161 | D:7      | Learned a level 2 spell: Blink
  8278 | D:8      | Offered knowledge of Scorch by Vehumet.
  8329 | D:8      | Identified the +2 robe of Trial and Error {rPois}
  8610 | D:8      | Noticed Psyche
  8706 | D:8      | Killed Psyche
  9119 | D:8      | Reached skill level 5 in Conjurations
  9542 | D:9      | Noticed a boulder beetle
  9751 | D:8      | Reached XP level 11. HP: 61/64 MP: 17/17
  9994 | D:9      | Killed a boulder beetle
 10069 | D:9      | Offered knowledge of Ignite Poison by Vehumet.
 10130 | D:9      | Learned a level 4 spell: Olgreb's Toxic Radiance
 10247 | D:9      | Reached *** piety under Vehumet
 10339 | D:9      | Found a staircase to the Orcish Mines.
 10576 | D:9      | Reached skill level 5 in Spellcasting
 10582 | D:9      | Reached skill level 1 in Poison Magic
 10592 | D:9      | Learned a level 3 spell: Ignite Poison
 11098 | D:10     | Entered Level 10 of the Dungeon
 11211 | D:10     | Noticed a two-headed ogre
 11222 | D:10     | Killed a two-headed ogre
 11363 | D:10     | Offered knowledge of Iskenderun's Mystic Blast by Vehumet.
 11468 | D:10     | Reached skill level 5 in Poison Magic
 11862 | D:10     | Noticed Gastronok
 12333 | D:11     | Noticed a manticore
 12654 | D:11     | Reached **** piety under Vehumet
 12841 | D:11     | Found a staircase to the Lair.
 12877 | D:11     | Offered knowledge of Lee's Rapid Deconstruction by Vehumet.
 13000 | D:11     | Reached skill level 1 in Armour
 13004 | D:11     | Reached XP level 12. HP: 57/70 MP: 6/19
 13289 | D:11     | Noticed a boulder beetle
 13293 | D:11     | Killed a boulder beetle
 13389 | D:11     | Reached skill level 5 in Armour
 14380 | Orc:1    | Entered Level 1 of the Orcish Mines
 14380 | Orc:1    | Noticed Urug
 14386 | Orc:1    | Killed Urug
 14632 | D:9      | Learned a level 5 spell: Lee's Rapid Deconstruction
 14855 | Orc:1    | Reached ***** piety under Vehumet
 14855 | Orc:1    | Offered knowledge of Conjure Ball Lightning by Vehumet.
 15048 | Orc:1    | Found Xahunn's CLEARANCE SALE!.
 15253 | Orc:2    | Entered Level 2 of the Orcish Mines
 15253 | Orc:2    | Found a staircase to the Elven Halls.
 15556 | Orc:2    | Noticed an orc high priest
 15558 | Orc:2    | Noticed an orc high priest
 15560 | Orc:2    | Noticed a soul eater
 15568 | Orc:2    | Killed an orc high priest
 15642 | Orc:2    | Noticed an orc high priest
 15647 | Orc:2    | Killed an orc high priest
 15677 | Orc:2    | Killed an orc high priest
 15679 | Orc:2    | Reached XP level 13. HP: 41/74 MP: 6/26
 15876 | Orc:2    | Reached skill level 10 in Conjurations
 16039 | Orc:2    | Found Baofu's General Store.
 16039 | Orc:2    | Found Yfud's Distillery.
 16040 | Orc:2    | Found Peoz's Distillery.
 16040 | Orc:2    | Found Odynkogg's Jewellery Emporium.
 16061 | Orc:2    | Bought the ring of Zohuts {Wiz rN+ Str+2 Int+4} for 645
                  | gold pieces
 16386 | Lair:1   | Entered Level 1 of the Lair of Beasts
 16441 | Lair:1   | Found a dark tunnel.
 16449 | Volcano  | Entered a volcano
 16869 | Volcano  | Noticed a fire dragon
 16881 | Volcano  | Killed a fire dragon
 17274 | Lair:1   | Noticed Roaleyf's ghost (journeyman DsDe)
 17278 | Lair:1   | Found a transporter.
 17379 | Lair:1   | Found a transporter.
 18031 | Lair:2   | Found a staircase to the Shoals.
 18182 | Lair:2   | Noticed Maggie
 18189 | Lair:2   | Killed Maggie
 18333 | Lair:2   | Found a staircase to the Snake Pit.
 18464 | Lair:2   | Offered knowledge of Lightning Bolt by Vehumet.
 19216 | Lair:3   | Gained mutation: Your large and strong wings let you fly.
                  | [Gargoyle growth]
 19216 | Lair:3   | Reached XP level 14. HP: 83/84 MP: 21/27
 19279 | Lair:3   | Noticed a dire elephant
 19343 | Lair:3   | Killed a dire elephant
 19344 | Lair:3   | Reached skill level 10 in Fighting
 20490 | Lair:4   | You are sucked into a shaft and drop 2 floors!
 20490 | Lair:6   | Entered Level 6 of the Lair of Beasts
 20566 | Lair:6   | Noticed Nessos
 20674 | Lair:6   | Killed Nessos
 21085 | Lair:5   | Offered knowledge of Iron Shot by Vehumet.
 21478 | Lair:5   | Found a runed translucent door.
 21478 | Lair:5   | Found a viscous altar of Jiyva.
 21478 | Lair:5   | Noticed an azure jelly
 21479 | Lair:5   | Found a staircase to the Slime Pits.
 21479 | Lair:5   | Noticed an azure jelly
 21902 | Lair:6   | Noticed Kirke
 21911 | Lair:6   | Killed Kirke
 21912 | Lair:6   | Reached skill level 5 in Dodging
 21912 | Lair:6   | Reached XP level 15. HP: 96/96 MP: 11/28
 22150 | Lair:6   | Reached skill level 5 in Shields
 22537 | Lair:4   | Learned a level 6 spell: Iron Shot
 24653 | D:12     | Reached skill level 10 in Shields
 25277 | D:13     | Noticed Snorg
 25282 | D:13     | Killed Snorg
 25298 | D:13     | Noticed Maurice
 25430 | D:13     | Killed Maurice
 25431 | D:13     | Reached skill level 15 in Earth Magic
 26596 | D:14     | Reached ****** piety under Vehumet
 26599 | D:14     | Reached skill level 10 in Spellcasting
 26666 | D:14     | Found a gate to the Vaults.
 26671 | D:14     | Offered knowledge of Fireball by Vehumet.
 26873 | D:14     | Reached XP level 16. HP: 77/101 MP: 21/30
 27197 | D:14     | Found a runed translucent door.
 27197 | D:14     | Noticed Tribosh's ghost (journeyman BaHu)
 27521 | D:15     | Entered Level 15 of the Dungeon
 27990 | D:15     | Found a staircase to the Depths.
 29005 | D:15     | Found a hide-covered altar of Uskayaw.
 29146 | Shoals:1 | Entered Level 1 of the Shoals
 29898 | Shoals:1 | Offered knowledge of Freezing Cloud by Vehumet.
 30365 | Shoals:1 | Noticed Frances
 30373 | Shoals:1 | Killed Frances
 30509 | Shoals:1 | Reached skill level 15 in Conjurations
 30702 | Shoals:1 | Noticed Josephine
 30716 | Shoals:1 | Killed Josephine
 31142 | Shoals:2 | Noticed Donald
 31159 | Shoals:2 | HP: 3/101 [reflected bolt (45)]
 31159 | Shoals:2 | Annihilated by Donald

Illustrated notes

Levels and vault maps discovered:
D:1:      dpeg_arrival_caged_fury, layout_basic, serial_glass, glass_columns_b,
          glass_columns_c, hellmonk_ecumenical_altar_heavens_door,
          nicolae_concentric_dashed_squares_wild, kennysheep_nondescript,
          minmay_tromino_i2
D:2:      layout_loops_ring, minmay_lizard_king, uniq_natasha, uniq_terence
D:3:      layout_basic, okawaru_gym_becter, minmay_overflow_temple_hex,
          yredelemnul_altar_generic, hex_intersection
D:4:      layout_cave_pools, nicolae_shop_sticking_my_neck_out,
          uniq_crazy_yiuf_cottage
D:5:      layout_rooms, mainiacjoe_overflow_tiny_flanked, moated_statue,
          st_stairs_8, uniq_pikel, uniq_duvessa, uniq_sigmund
D:6:      layout_loops_cross, grunt_dithmenos_smoke_and_mirrors,
          minmay_temple_entry_gardened_gates
D:7:      layout_basic, enter_bailey_5
D:8:      layout_cave_pods, uniq_psyche
D:9:      layout_basic, erik_orc_1, kennysheep_decorative_pillar,
          solitary_fountain, chequers_serial_rivers_small_a,
          roderic_serpentine_path, kennysheep_windowed_goal
D:10:     layout_stronghold, uniq_gastronok
D:11:     layout_cave_pools, erik_lair_orcish_takeover
D:12:     layout_grid_maze
D:13:     layout_basic, uniq_maurice, uniq_snorg
D:14:     layout_loops_ring, grunt_vaults_entry_tiered, minivault_19,
          ebering_ghost_inner_flame
D:15:     gammafunk_depths_entry_grave, layout_rooms, grunt_decor_mini_mirrors,
          nicolae_uskayaw_murder_on_the_dancefloor
Temple:   minmay_temple_bridge_abc
Lair:1:   layout_hall_layers, gammafunk_ghost_hive, enter_volcano_1,
          grunt_megastairs_2
Lair:2:   layout_concentric_octagons, shoals_dummy_entry,
          guppyfry_snake_entry_garden, minmay_holes,
          infiniplex_staircase_pool_2, uniq_maggie
Lair:3:   mu_elephants_graveyard, layout_long_grid, special_room
          [special_room_bee]
Lair:4:   layout_gridlike, serial_bayou_shore_b
Lair:5:   layout_regular_city, slime_altar_2, grunt_megastairs_5
Lair:6:   evilmike_catoblepas_cave, layout_regular_city, uniq_kirke, uniq_nessos
Shoals:1: layout_shoals, uniq_josephine, uniq_frances
Shoals:2: layout_shoals, minmay_shop_mass, uniq_donald, uniq_louise, uniq_ilsuiw
Orc:1:    layout_caves, nicolae_shop_clearance, uniq_urug
Orc:2:    st_orc_elflike, layout_caves

Skill      XL: |  1  2  3  4  5  6  7  8  9 10 11 12 13 14 15 16 |
---------------+-------------------------------------------------+-----
Earth Magic    | 4 5 6 9 12 14 15 | 15.6
Spellcasting   | 3 4 5 9 10 12 | 12.4
Conjurations   | 3 7 8 9 11 13 15 | 15.0
Shields        | 2 4 10 | 10.1
Maces & Flails | 6 8 |  8.0
Fighting       | 6 8 12 | 12.0
Poison Magic   | 7 |  7.7
Armour         | 2 6 |  6.0
Dodging        | 2 5 |  5.0
Stealth        | |  2.1
Transmutations | |  0.7

Action                   |  1- 3 |  4- 6 |  7- 9 | 10-12 | 13-15 | 16-18 || total
-------------------------+-------+-------+-------+-------+-------+-------++-------
Melee: Spear             |    14 |    14 |       |       |       |       ||    28
       Punch             |       |     1 |       |       |       |       ||     1
       Flail             |       |     3 |    52 |   176 |   185 |    90 ||   506
Throw: Stone             |       |     1 |       |       |       |       ||     1
       Dart              |       |       |       |     8 |       |       ||     8
 Cast: Sandblast         |    30 |   103 |   123 |   103 |    32 |    13 ||   404
       Stone Arrow       |       |       |     9 |   108 |   166 |   131 ||   414
       Petrify           |       |       |       |     2 |     1 |       ||     3
       Olgreb's Toxic Ra |       |       |       |    55 |   136 |    42 ||   233
       Ignite Poison     |       |       |       |    23 |    85 |    31 ||   139
       Lee's Rapid Decon |       |       |       |       |    20 |    12 ||    32
       Iron Shot         |       |       |       |       |     4 |    12 ||    16
Evoke: Wand              |       |       |       |     1 |       |       ||     1
       Condenser vane    |       |       |       |       |     1 |       ||     1
  Use: Scroll            |       |       |       |     8 |       |       ||     8
 Stab: Sleeping          |       |       |     1 |       |       |       ||     1
Armor: Robe              |    11 |    20 |    59 |   142 |       |       ||   232
       Troll leather arm |       |       |       |     7 |   147 |   121 ||   275
Dodge: Dodged            |    14 |    29 |    41 |   167 |   213 |   141 ||   605
Block: Buckler           |       |     5 |    27 |    66 |    73 |    54 ||   225

Table legend: (Time is in decaauts)
 A = Elapsed time spent in this place.
 B = Non-inter-level travel time spent in this place.
 C = Inter-level travel time spent in this place.
 D = Time resting spent in this place.
 E = Time spent auto-exploring this place.
 F = Levels seen in this place.
 G = Mean time per level.
                   A        B        C        D        E       F      G
               +--------+--------+--------+--------+--------+-----+--------+
         Total |  31253 |  29629 |   1624 |   1191 |  23730 |  28 | 1116.2 |
       Dungeon |  19183 |  17987 |   1196 |    997 |  14258 |  15 | 1278.9 |
        Temple |     52 |     31 |     21 |      0 |     20 |   1 |   52.0 |
          Lair |   7260 |   6941 |    319 |      0 |   5945 |   6 | 1210.0 |
        Shoals |   2022 |   2013 |      9 |     28 |   1644 |   2 | 1011.0 |
  Orcish Mines |   1697 |   1620 |     77 |     74 |   1255 |   2 |  848.5 |
        Bailey |    314 |    314 |      0 |     72 |    103 |   1 |  314.0 |
       Volcano |    722 |    722 |      0 |     20 |    505 |   1 |  722.0 |
               +--------+--------+--------+--------+--------+-----+--------+

Top non-repeatable levels by time:
  Lair:6: 2113 daAuts
     D:9: 1911 daAuts
    D:10: 1876 daAuts
     D:3: 1817 daAuts
Shoals:1: 1743 daAuts
  Lair:3: 1506 daAuts
     D:8: 1410 daAuts
    D:15: 1398 daAuts
    D:14: 1286 daAuts
    D:11: 1265 daAuts
     D:2: 1217 daAuts
     D:6: 1180 daAuts
    D:13: 1117 daAuts
     D:1: 1042 daAuts
  Lair:5: 1039 daAuts
